cohdb
Replays
Latest Replays
All Replays
Popular Replays
Top Player Replays
Match Explorer
How It Works
Community
CoH3 Stats
Reddit
Sign in to upload your games and track your stats! →
Sign in with Steam
Match 43846135
Unlisted
Match 43846135
Overview
Messages
Build Orders
End
Royal Engineer Section
Construct Section Command Post
Selects Canadian Shock Battlegroup
Infantry Section
ML 3-inch Mortar Team
Vickers Machine Gun Team
Grenade Package
Construct Platoon Command Post
Selects Attacking Spirit
Selects Canadian Shock Section
Humber Armored Car
Construct Field Infirmary
Canadian Shock Section
Infantry Section
Selects Burnout
Burnout
Construct Company Command Post
Canadian Shock Section
Crusader II Medium Tank
Burnout
Crusader II Medium Tank
Crusader II Medium Tank
Crusader II Medium Tank
Armored Vehicle Training
Foot Guards Section
Selects Pyrotechnics
Selects Churchill Crocodile Heavy Tank
Burnout
matjouz
Sarmynation
[TW]jasonrayder
lintinsu
0
0
Comments
sign in to comment!
No comments posted yet!